Map: Nightshade LE

Players

Raider

  • Race: Terran Terran
  • League: Diamond
  • Spawn Location: 5:00

BloodRayne - Winner!

  • Race: Zerg Zerg
  • League: Platinum
  • Spawn Location: 11:00

VOD

Have the link to the VOD?

Description

Time

  • Played on: March 15, 2020, 11:57 a.m.
  • Length: 14:13
Show
View Real Time Build Order
Export as new Build Order

Raider Terran 

Build Orders:  

Get SALT Encoding   

  12  0:01  SCV  
  13  0:13  SCV  
  14  0:17  Supply Depot  
  14  0:27  Refinery  
  15  0:28  SCV  
  15  0:41  Barracks  
  15  0:47  SCV  
  16  0:59  SCV  
  17  1:04  Refinery  
  17  1:11  SCV  
  18  1:23  SCV  
  19  1:35  Reaper  
  20  1:47  Supply Depot  
  20  1:52  Factory  
  20  1:55  SCV  
  21  2:07  Marine  
  22  2:14  Orbital Command  
  22  2:27  Marine  
  23  2:43  Starport  
  22  2:44  Factory Tech Lab  
  22  2:47  Armory  
  22  2:50  Marine  
  23  3:02  SCV  
  23  3:18  Marine  
  24  3:23  Barracks  
  24  3:24  Barracks  
  24  3:27  Barracks  
  24  3:29  Supply Depot  
  24  3:39  Marine  
  26  3:55  SCV  
  26  4:00  Supply Depot  
  26  4:02  Barracks Tech Lab  
  26  4:08  SCV  
  27  4:13  Barracks Reactor  
  27  4:16  Marine x2  
  29  4:22  Marine  
  29  4:23  Combat Shield  
  30  4:28  Barracks  
  30  4:34  Marine x2  
  30  4:36  SCV  
  33  4:40  Marine  
  34  4:48  SCV  
  34  4:49  Marine x2  
  34  4:52  Marine  
  39  4:54  Barracks Reactor  
  39  4:58  Marine  
  39  5:07  Marine x2  
  39  5:10  Marine  
  39  5:13  Command Center  
  42  5:15  Marine x2  
  44  5:25  Marine x2, Supply Depot  
  44  5:27  Marine  
  47  5:47  Marine x4  
  49  5:53  Marine x3  
  50  6:05  Marine x4  
  50  6:10  Marine  
  55  6:17  Marine x2  
  57  6:22  Supply Depot, Marine  
  41  6:46  SCV x2  
  41  6:51  Marine x2  
  41  6:53  Marine  
  44  6:55  Stimpack  
  44  6:58  SCV  
  44  7:00  Orbital Command  
  45  7:07  Bunker  
  45  7:10  Marine x2  
  45  7:12  Marine  
  48  7:17  SCV  
  48  7:19  Marine x2  
  51  7:27  Barracks  
  51  7:42  Marine x2  
  51  7:43  Marine x5  
  58  8:00  Barracks, Marine x3  
  58  8:03  Marine x2  
  58  8:04  Marine x2  
  64  8:31  Marine  
  64  8:32  Marine x4  
  64  8:34  Barracks Reactor x2  
  67  8:57  Marine  
  67  8:58  Marine x5  
  73  9:04  Engineering Bay  
  73  9:05  Engineering Bay  
  73  9:07  SCV x2, Armory  
  75  9:12  Marine x5, Refinery  
  75  9:15  Marine  
  81  9:19  SCV x2  
  81  9:20  Supply Depot  
  83  9:27  Factory Tech Lab  
  84  9:31  SCV x2  
  85  9:38  Starport  
  85  9:53  Thor  
  91  10:02  Marine x3  
  94  10:08  Terran Infantry Weapons Level 1  
  94  10:10  Terran Infantry Armor Level 1  
  94  10:25  Marine x5, Medivac  
  94  10:26  SCV x2, Marine x2  
  105  10:31  Supply Depot  
  105  10:33  Supply Depot  
  105  10:53  Terran Vehicle Weapons Level 1  
  105  10:55  Marine x4  
  109  11:02  Marine x4  
  109  11:23  Marine x5  
  109  11:24  Marine x6  
  120  11:34  Hellion  
  113  11:41  Marine  
  89  11:49  Marine  
  89  11:50  Marine x9  
  84  11:58  Marine  
  77  12:07  Marine  
  77  12:08  Siege Tank, Marine x9  
  71  12:16  Marine  
  62  12:25  Marine x5  
  62  12:26  Marine  
  58  12:42  Marine  
  58  12:43  Marine x10  
  41  13:00  Marine  
  41  13:01  Marine  
  36  13:13  Marine  
  36  13:14  Marine x5  
  29  13:29  Marine x4  
Show
View Real Time Build Order
Export as new Build Order

BloodRayne Zerg - Winner!

Build Orders: Hatch First 

Get SALT Encoding   

  12  0:03  Drone  
  13  0:13  Overlord  
  13  0:21  Drone  
  14  0:33  Drone x2  
  16  0:52  Hatchery  
  15  0:59  Drone x3  
  18  1:15  Spawning Pool  
  17  1:19  Extractor  
  16  1:34  Drone  
  16  1:35  Drone x2  
  19  1:54  Overlord  
  19  2:02  Queen  
  19  2:04  Zergling x2  
  19  2:07  Queen  
  24  2:09  Zergling x4  
  26  2:17  Drone  
  27  2:40  Drone x4  
  31  2:50  Drone  
  32  2:53  Overlord  
  32  3:14  Zergling x10  
  32  3:15  Zergling x4  
  39  3:29  Roach Warren, Lair  
  38  3:52  Drone x4  
  38  3:54  Overlord x2  
  42  4:14  Roach x3  
  48  4:17  Drone  
  48  4:19  Drone  
  48  4:20  Drone x3  
  53  4:34  Ravager  
  53  4:35  Roach x3  
  60  4:42  Extractor  
  60  4:44  Drone  
  60  4:45  Extractor, Overlord x2  
  59  5:06  Roach x3  
  69  5:07  Roach x3  
  71  5:27  Zergling x10  
  76  5:30  Overlord x3  
  56  6:01  Roach x2  
  56  6:02  Roach x6  
  72  6:08  Drone x2  
  74  6:16  Drone  
  75  6:25  Drone x2  
  77  6:31  Extractor  
  66  6:43  Roach x3  
  66  6:44  Roach x6  
  84  7:00  Hatchery  
  83  7:09  Evolution Chamber  
  83  7:11  Evolution Chamber  
  83  7:13  Ravager x2  
  83  7:14  Ravager  
  84  7:16  Roach  
  84  7:17  Roach x2  
  84  7:18  Zergling x2  
  84  7:19  Zergling x14  
  98  7:39  Drone  
  99  7:58  Overlord  
  99  7:59  Overlord x3  
  98  8:19  Queen  
  99  8:27  Zerg Missile Weapons Level 1  
  99  8:30  Zerg Ground Armor Level 1  
  99  8:37  Roach x5  
  99  8:38  Roach x8  
  125  8:53  Roach x4  
  125  8:55  Queen  
  133  8:57  Drone  
  136  9:23  Hydralisk Den  
  135  9:25  Infestation Pit  
  135  9:28  Hatchery  
  135  9:31  Queen, Drone x3  
  138  9:42  Glial Reconstitution  
  138  9:56  Overlord x2  
  138  9:57  Overlord  
  138  10:14  Queen  
  138  10:19  Drone x4  
  144  10:30  Zerg Missile Weapons Level 2  
  144  10:32  Zerg Ground Armor Level 2  
  144  10:39  Burrow  
  144  10:45  Roach  
  144  10:46  Roach x3  
  152  10:50  Queen  
  154  11:00  Tunneling Claws  
  154  11:03  Hydralisk  
  154  11:04  Hydralisk x2  
  154  11:07  Overlord x3  
  142  11:22  Drone  
  142  11:23  Drone x4  
  149  11:25  Roach  
  149  11:26  Roach x2  
  113  11:49  Roach x3  
  113  11:50  Roach x5  
  114  12:14  Queen  
  106  12:21  Roach  
  106  12:22  Roach x5  
  116  12:38  Roach x6  
  128  12:49  Ravager  
  124  13:15  Roach  
  124  13:16  Roach x13  
  150  13:35  Roach x5  
Tags
 
Add a new tag
Caveats
  • Supply blocks, unpowered buildings, or Contaminate may cause inaccurate times.
  • Supply counts are checked every 10 seconds.